 Dungeon Crawl Stone Soup version 0.27-a0-681-g0c81a3c1c3 (webtiles) character file.

Game seed: 368124279125209333

399 robertstho the Sneak (level 6, 0/64 HPs)
             Began as an Octopode Berserker on Mar 19, 2021.
             Was a Believer of Trog.
             Succumbed to a gnoll's poison
             ... on level 5 of the Dungeon.
             The game lasted 00:04:56 (4099 turns).

robertstho the Sneak (Octopode Berserker)           Turns: 4099, Time: 00:04:56

Health: 0/64       AC:  1    Str: 18    XL:     6   Next: 84%
Magic:  6/6        EV: 15    Int:  9    God:    Trog [**....]
Gold:   81         SH:  0    Dex: 18    Spells: 5/5 levels left

rFire    x . .     SeeInvis +   l - +0 short sword (venom)
rCold    + . .     Faith    .   (no shield)
rNeg     . . .     Spirit   .   (helmet restricted)
rPois    .         Reflect  .   (no amulet)
rElec    .         Harm     .   b - +6 ring of dexterity
rCorr    .         Rampage  .   i - ring of ice
Will     ++...                  k - ring of see invisible
Stlth    ..........             (no ring)
HPRegen  1.20/turn              (no ring)
MPRegen  0.10/turn              (no ring)
                                (no ring)
                                (no ring)

@: berserking, lethally poisoned (0 -> -3), regenerating, very quick
A: almost no armour, amphibious, 8 rings, camouflage 1, gelatinous body 1,
nimble swimmer 1, tentacles
a: Renounce Religion, Berserk, Trog's Hand


You were on level 5 of the Dungeon.
You worshipped Trog.
Trog was pleased with you.
You visited 1 branch of the dungeon, and saw 5 of its levels.

You collected 207 gold pieces.
You spent 126 gold pieces at shops.

Inventory:

Hand Weapons
 c - a +4 dagger
 l - a +0 short sword of venom (weapon)
 m - a +1 dagger of holy wrath
Jewellery
 b - a +6 ring of dexterity (left tentacle)
 i - a ring of ice (right tentacle)
 k - a ring of see invisible (on tentacle)
 o - a +6 ring of strength
 q - a ring of willpower
Wands
 r - a wand of iceblast (7)
Scrolls
 d - a scroll of enchant weapon {unknown}
 e - a scroll of silence {unknown}
 j - 3 scrolls of teleportation
 p - a scroll of blinking {unknown}
Potions
 a - a potion of might
 f - a potion of heal wounds
 g - 2 potions of mutation
 h - 2 potions of attraction {unknown}
 n - 2 potions of curing {unknown}
 s - a potion of magic {unknown}


   Skills:
 * Level 4.1 Fighting
 * Level 3.0 Short Blades
 * Level 4.0 Dodging
 * Level 5.8 Stealth
 - Level 3.1 Unarmed Combat


You had 5 spell levels left.
You didn't know any spells.
Your spell library was empty.

Dungeon Overview and Level Annotations

Branches:
Dungeon (5/15)
 Temple: D:4-7

Altars:

Shops:
D:2 ?

Annotations:
D:2 Scroll shop
D:5 1 runed translucent door


Innate Abilities, Weirdness & Mutations

You cannot wear most types of armour.
You are amphibious.
You can wear up to eight rings at the same time.
Your skin changes colour to match your surroundings (Stealth+).
Your rubbery body absorbs attacks. (AC +1, EV +1)
You are stealthy while swimming. (Stealth+)
You have tentacles for arms and can constrict up to eight enemies at once.


Message History

The adder hisses angrily.
The white imp gestures at you. The puff of frost hits you. You resist.
The gnoll hits you. The gnoll barely misses you. The gnoll misses you.
You release your grip on the gnoll.
You feel sick. The gnoll barely misses you. The white imp closely misses you.
You feel sick.
The white imp shouts, "Turn tail, thou puny ill-breeding strumpet!"
You feel sick.
You feel sick.
Your skin crawls.
You feel strong-willed. The gnoll closely misses you.
The gnoll hits you from afar with a +1 spear of venom.
A red film seems to cover your vision as you go berserk!
You feel yourself moving faster!
You feel mighty! The gnoll barely misses you.
You puncture the gnoll!
You kill the gnoll!
Trog accepts your kill.
You feel sick.
The gnoll hits you from afar with a +1 spear of venom!
* * * LOW HITPOINT WARNING * * *
You are more poisoned.
The gnoll hits you with a +0 spear.
* * * LOW HITPOINT WARNING * * *
Unknown command.
You hit the gnoll.
The gnoll is poisoned.
You grab the gnoll. You squeeze the gnoll!
You feel the power of Trog in you as your rage grows.
You kill the gnoll!
Trog accepts your kill.
You feel sick.
The white imp lashes its tail.
The gnoll hits you from afar with a +1 spear of venom!
* * * LOW HITPOINT WARNING * * *
You are lethally poisoned!
* * * LOW HITPOINT WARNING * * *
You feel sick.
You feel a strong urge to attack something.
You die...

≈..≈...# .###...
...≈...##.##....
.≈≈..........##.
≈≈....##........
≈≈###.#..(...... #
. ≈## ###...######
.#.. ## #...#
.....
#...########...#
#...#5.g..@.#
####...#.#####.#
..............#.#
....!....g....#.#
........$......#.#
..##.#.<.#.##.##.#
. #.#...#.. ....#
#(#...#.##.....
#...#.# ##...#


You could see a gnoll and a white imp.

Vanquished Creatures
  A bullfrog (D:4)
  An orc priest (D:3)
  Jessica (D:3)
  An iguana (D:4)
  2 worker ants
  3 hound skeletons
  2 gnolls (D:5)
  6 adders
  An ooze (D:1)
  3 worms
  3 dart slugs
  2 leopard geckos
  7 orcs (D:3)
  7 bats
  4 giant cockroaches
  3 hobgoblins
  2 jackals (D:5)
  7 kobolds
  3 quokkas
  2 frilled lizards
  8 goblins
  9 rats
78 creatures vanquished.

Notes
Turn   | Place    | Note
-------+----------+-------------------------------------------
     0 | D:1      | robertstho the Octopode Berserker began the quest for the
                  | Orb.
     0 | D:1      | Reached XP level 1. HP: 16/16 MP: 1/1
   413 | D:1      | Reached XP level 2. HP: 21/21 MP: 2/2
   592 | D:1      | HP: 1/31 [kobold/+0 whip (8)]
   887 | D:1      | Reached skill level 1 in Stealth
   952 | D:1      | Reached XP level 3. HP: 26/26 MP: 3/3
  1761 | D:2      | Reached ** piety under Trog
  1773 | D:2      | Reached skill level 2 in Stealth
  1786 | D:2      | Reached skill level 1 in Short Blades
  1786 | D:2      | Reached XP level 4. HP: 30/31 MP: 4/4
  2001 | D:2      | Found Biel's Magic Scroll Shop.
  2044 | D:2      | Bought a scroll of random uselessness for 14 gold pieces
  2044 | D:2      | Bought a scroll of teleportation for 42 gold pieces
  2343 | D:3      | Reached skill level 3 in Stealth
  2344 | D:3      | Reached XP level 5. HP: 15/37 MP: 5/5
  2586 | D:3      | Noticed Jessica
  2600 | D:3      | Killed Jessica
  3103 | D:3      | Reached skill level 4 in Stealth
  3289 | D:2      | Bought a scroll of identify for 28 gold pieces
  3289 | D:2      | Bought a scroll of noise for 14 gold pieces
  3289 | D:2      | Bought a scroll of identify for 28 gold pieces
  3327 | D:4      | Reached XP level 6. HP: 42/43 MP: 6/6
  3357 | D:4      | Reached skill level 5 in Stealth
  3973 | D:5      | Entered Level 5 of the Dungeon
  4012 | D:5      | Reached *** piety under Trog
  4081 | D:5      | Found a runed translucent door.
  4097 | D:5      | HP: 2/64 [gnoll/+1 spear of venom (8)]
  4099 | D:5      | Succumbed to a gnoll's poison

Illustrated notes

Levels and vault maps discovered:
D:1:      lemuel_arrival_hallway, layout_loops_corners, corexii_hall_statues_x
D:2:      kennysheep_big_flooded_room, layout_basic, serial_shops, shop,
          minmay_misc_feat_square
D:3:      layout_basic, minmay_diced_spiral, uniq_jessica
D:4:      layout_loops_ring, serial_park_tiny_2
D:5:      cheibrodos_helix_gallery, layout_loops_cross, ebering_ghost_sewer_f,
          uniq_eustachio, uniq_crazy_yiuf_cottage

Skill      XL: |  1  2  3  4  5  6 |
---------------+-------------------+-----
Stealth        | 1 2 3 4 5 |  5.8
Short Blades   | 1 2 3 |  3.0
Fighting       | 4 |  4.1
Dodging        | 4 |  4.0
Unarmed Combat | |  3.1

Action                   |  1- 3 |  4- 6 || total
-------------------------+-------+-------++-------
Melee: Unarmed           |    10 |       ||    10
       Constrict         |    12 |    22 ||    34
       Short sword       |    21 |    38 ||    59
       Dagger            |    24 |    35 ||    59
       Tentacles         |     9 |    25 ||    34
       Punch             |       |     1 ||     1
Invok: Berserk           |     3 |     2 ||     5
       Trog's Hand       |       |     1 ||     1
  Use: Scroll            |     1 |     3 ||     4
 Stab: Sleeping          |     7 |    15 ||    22
Armor: Skin              |     5 |     2 ||     7
Dodge: Dodged            |    23 |    38 ||    61

Table legend: (Time is in decaauts)
 A = Elapsed time spent in this place.
 B = Non-inter-level travel time spent in this place.
 C = Inter-level travel time spent in this place.
 D = Time resting spent in this place.
 E = Time spent auto-exploring this place.
 F = Levels seen in this place.
 G = Mean time per level.
                   A        B        C        D        E       F      G
               +--------+--------+--------+--------+--------+-----+--------+
         Total |   4129 |   4006 |    123 |    583 |   2953 |   5 |  825.8 |
       Dungeon |   4129 |   4006 |    123 |    583 |   2953 |   5 |  825.8 |
               +--------+--------+--------+--------+--------+-----+--------+

Top non-repeatable levels by time:
     D:1: 1518 daAuts
     D:2: 1073 daAuts
     D:3: 756 daAuts
     D:4: 657 daAuts
     D:5: 123 daAuts
